 Dungeon Crawl Stone Soup version 0.28.0-1-gb440e238dd (webtiles) character file.

Game seed: 1948929961342185376

26035 CrazyMind the Thaumaturge (level 13, -18/106 HPs)
             Began as a Gnoll Warper on Feb 24, 2022.
             Was an Elder of Ashenzari.
             Killed from afar by a frost giant (23 damage)
             ... with a bolt of cold
             ... in an ice cave on Feb 26, 2022.
             The game lasted 02:22:40 (17490 turns).

CrazyMind the Thaumaturge (Gnoll Warper)           Turns: 17490, Time: 02:22:40

Health: -18/106    AC: 18    Str: 15    XL:     13   Next: 23%
Magic:  28/28      EV: 17    Int: 13    God:    Ashenzari [****..]
Gold:   757        SH:  8    Dex: 12    Spells: 14/35 levels left

rFire   . . .      SeeInvis +   X - +5 spear (vamp)
rCold   . . .      Faith    .   Y - +2 buckler of the Unyielding Gaze {Cun, Range} (curse)
rNeg    . . .      Spirit   .   J - +2 steam dragon scales "Sibylline Portent" {Evo, Self} (curse)
rPois   .          Reflect  .   T - +2 helmet "Circumscribed Visionary" {Elem, Cun} (curse)
rElec   .          Harm     .   Q - +1 cloak of Supernal Understanding {Elem, Evo} (curse)
rCorr   .          Rampage  .   (no gloves)
Will    ++...      Clarity  +   b - +2 pair of boots of the Welkin {Melee, Cun} (curse)
Stlth   +++++.....              r - amulet of regeneration
HPRegen 1.07/turn               v - ring "Esoteric the Ego" {Will+, Alch, Comp} (curse)
MPRegen 0.21/turn               l - ring of Votuylatt {Will+ SInv}

@: no status effects
A: fangs 1, strong nose, distributed training
a: Renounce Religion, Curse Item, Shatter the Chains


You were in an ice cave.
You worshipped Ashenzari.
Ashenzari was greatly pleased with you.
You visited 3 branches of the dungeon, and saw 14 of its levels.
You also visited: Bailey and Ice Cave.

You collected 757 gold pieces.

Inventory:

Hand Weapons
 e - a +1 whip of flaming
 m - a +2 dagger of venom
 w - a +2 whip of draining
 X - a +5 vampiric spear (weapon)
Missiles
 d - 3 boomerangs of dispersal
 k - 2 throwing nets
 o - 13 poisoned darts
 K - 8 boomerangs
 L - 3 silver boomerangs
 U - 4 curare-tipped darts (quivered)
Armour
 b - the cursed +2 pair of boots of the Welkin (worn) {Melee, Cun}
   (You found it on level 10 of the Dungeon)

   It has a curse which improves the following skills: Melee Combat: Short
   Blades, Long Blades, Axes, Maces & Flails, Polearms, Staves and Unarmed
   Combat.
   Cunning:   Dodging and Stealth.
 y - a +0 robe of willpower
 J - the cursed +2 steam dragon scales "Sibylline Portent" (worn) {Evo, Self}
   (You took it off Maggie on level 9 of the Dungeon)

   It has a curse which improves the following skills: Evocations: Evocations.
   Introspection: Fighting and Spellcasting.
 Q - the cursed +1 cloak of Supernal Understanding (worn) {Elem, Evo}
   (You found it on level 8 of the Dungeon)

   It has a curse which improves the following skills: Elements: Fire Magic, Ice
   Magic, Air Magic and Earth Magic.
   Evocations: Evocations.
 T - the cursed +2 helmet "Circumscribed Visionary" (worn) {Elem, Cun}
   (You found it on level 9 of the Dungeon)

   It has a curse which improves the following skills: Elements: Fire Magic, Ice
   Magic, Air Magic and Earth Magic.
   Cunning:   Dodging and Stealth.
 Y - the cursed +2 buckler of the Unyielding Gaze (worn) {Cun, Range}
   (You took it off a gnoll sergeant on level 9 of the Dungeon)

   It has a curse which improves the following skills: Cunning: Dodging and
   Stealth.
   Ranged Combat: Slings, Bows, Crossbows and Throwing.
Jewellery
 l - the ring of Votuylatt (right hand) {Will+ SInv}
   (You acquired it on level 9 of the Dungeon)

   [ring of see invisible]

   SInv:      It lets you see invisible.
   Will:      It increases your willpower.
 q - a +4 ring of protection
 r - an amulet of regeneration (around neck)
 v - the cursed ring "Esoteric the Ego" (left hand) {Will+, Alch, Comp}
   (You found it on level 5 of the Dungeon)

   [ring of willpower]

   Will:      It increases your willpower.
   It has a curse which improves the following skills: Alchemy: Poison Magic and
   Transmutations.
   Companions: Summonings and Necromancy.
Wands
 O - a wand of paralysis (4)
 P - a wand of acid (4)
 S - a wand of iceblast (13)
Scrolls
 a - 2 scrolls of fog
 c - 2 scrolls of blinking
 u - 2 scrolls of silence
 A - 5 scrolls of teleportation
 B - 2 scrolls of immolation
 F - a scroll of holy word
 G - 2 scrolls of fear
 I - a scroll of summoning
 W - 2 scrolls of vulnerability
Potions
 f - 2 potions of invisibility
 i - 4 potions of haste
 j - a potion of might
 n - 2 potions of attraction
 p - 6 potions of curing
 t - 3 potions of ambrosia
 D - 2 potions of brilliance
 E - 3 potions of mutation
 H - 2 potions of magic
 M - a potion of flight


   Skills:
 + Level 9.4(11.4) Fighting
 + Level 8.1(10.1) Short Blades
 + Level 8.1(10.1) Long Blades
 + Level 8.1(10.1) Axes
 + Level 9.4(11.4) Maces & Flails
 + Level 8.1(10.1) Polearms
 + Level 8.1(10.1) Staves
 + Level 8.1(10.1) Slings
 + Level 8.1(10.1) Bows
 + Level 8.1(10.1) Crossbows
 + Level 8.6(10.6) Throwing
 + Level 8.6 Armour
 + Level 9.4(13.3) Dodging
 + Level 8.1(12.0) Stealth
 + Level 8.1 Shields
 + Level 8.1(10.1) Unarmed Combat
 + Level 9.6(11.6) Spellcasting
 + Level 6.7 Conjurations
 + Level 6.7 Hexes
 + Level 6.7(8.8) Summonings
 + Level 6.7(8.8) Necromancy
 + Level 8.8 Translocations
 + Level 6.7(8.8) Transmutations
 + Level 6.7(9.7) Fire Magic
 + Level 6.7(9.7) Ice Magic
 + Level 6.7(9.7) Air Magic
 + Level 6.7(9.7) Earth Magic
 + Level 6.7(8.8) Poison Magic
 + Level 8.9 Invocations
 + Level 8.1(11.1) Evocations


You had 14 spell levels left.
You knew the following spells:

 Your Spells              Type           Power      Damage    Failure   Level
a - Blink                 Tloc           60%        N/A       1%          2
b - Gell's Gravitas       Tloc           30%        N/A       1%          3
c - Passage of Golubria   Tloc           30%        N/A       3%          4
d - Tukima's Dance        Hex            25%        N/A       2%          3
e - Dispel Undead         Necr           30%        3d14      3%          4
f - Manifold Assault      Tloc           30%        N/A       9%          5

Your spell library contained the following spells:

 Spells                   Type           Power      Damage    Failure   Level
 Corpse Rot               Necr/Air       62%        N/A       1%          2
 Lesser Beckoning         Tloc           30%        N/A       1%          3
 Teleport Other           Tloc           30%        N/A       1%          3
 Anguish                  Hex/Necr       13%        N/A       4%          4
 Borgnjor's Vile Clutch   Necr/Erth      15%        N/A       7%          5
 Alistair's Intoxication  Tmut/Pois      20%        N/A       9%          5
 Yara's Violent Unravell  Hex/Tmut       13%        3d7       13%         5
 Death Channel            Necr           15%        N/A       43%         6
 Eringya's Noxious Bog    Tmut/Pois      15%        N/A       43%         6
 Enfeeble                 Hex            12%        N/A       99%         7


Dungeon Overview and Level Annotations

Branches:
Dungeon (12/15)            Temple (1/1) D:6            Lair (1/6) D:9
    Orc (0/2) D:11         Bailey (visited)           IceCv (1/1)

Altars:
Ashenzari
Cheibriados
Dithmenos
Elyvilon
Fedhas
Gozag
Hepliaklqana
Kikubaaqudgha
Makhleb
Nemelex Xobeh
Okawaru
Qazlal
Ru
Sif Muna
Trog
Uskayaw
Vehumet
Wu Jian
Xom
Yredelemnul
Zin
The Shining One

Shops:
D:4 (   D:9 [


Innate Abilities, Weirdness & Mutations

You have very sharp teeth.
Your uncanny sense of smell can sniff out nearby items.
Your experience applies equally to all skills.


Message History

The frost giant hits you with a +2 battleaxe of freezing!!
The frost giant freezes you.
Press: ? - help, v - describe, . - travel
Here: a frost giant, wielding a +2 battleaxe of freezing (severely wounded, poisoned)
The floor, spattered with blood.
Unknown command.
Unknown command.
Okay, then.
Throw: 13 darts (poison)
Press: ? - help, Q - select action, (/) - cycle Shift-Dir - straight line, f/p - frost giant
Aim: a frost giant, wielding a +2 battleaxe of freezing (severely wounded, poisoned, 88% to hit)
Okay, then.
Throw: 5 darts (curare)
Press: ? - help, Q - select action, (/) - cycle Shift-Dir - straight line, f/p - frost giant
Aim: a frost giant, wielding a +2 battleaxe of freezing (severely wounded, poisoned, 88% to hit)
You throw a curare-tipped dart.
The curare-tipped dart hits the frost giant.
The frost giant looks even sicker.
The frost giant convulses.
The frost giant seems to slow down.
The frost giant is severely wounded.
You barely miss the frost giant.
You bite the frost giant, but do no damage.
The frost giant is severely wounded.
The frost giant hits you with a +2 battleaxe of freezing!!
* * * LOW HITPOINT WARNING * * *
The frost giant freezes you!
* * * LOW HITPOINT WARNING * * *
Press: ? - help, v - describe, . - travel, g - get item
Here: a frost giant, wielding a +2 battleaxe of freezing (severely wounded, very poisoned, slow) Item here: a curare-tipped dart.
The floor, spattered with blood.
Unknown command.
Aiming: Corrosive Bolt
Press: ? - help, Shift-Dir - straight line, f/p - frost giant
Aim: a frost giant, wielding a +2 battleaxe of freezing (severely wounded, very poisoned, slow, 98% to hit)
The bolt of acid hits the frost giant!
The acid corrodes the frost giant!
The frost giant is almost dead.
The frost giant points at you and mumbles some strange words.
The bolt of cold hits you!!
You die...

## ###..##..#..#### ##
###.#.###...#### #
##..#.####.#### #
##...######### ###...###
#####....## ###
###.###.....######## ##.. #
##..###....####..#####... #
####...###@...##....##..... #
####.....##C......#......†∩.
##
###......##(.....###........
##
###..##.....#...######..##...
###
###.###........############..
### ##..####........##
#########
.#####.#####.......##
.#####..#####.....###
.{###..## #....####


You could see a frost giant (very poisoned, slow, corroded).

Vanquished Creatures
  2 boulder beetles
  5 death yaks (IceCv)
  An orc knight (Bailey)
  An ugly thing (IceCv)
  Pikel (D:3)
  A manticore (D:10)
  A cyclops (D:12)
  An ice statue (IceCv)
  Maggie (D:9)
  A kobold demonologist (D:11)
  8 rime drakes
  A cane toad (D:9)
  2 unseen horrors
  3 komodo dragons
  A troll (D:10)
  3 polar bears (IceCv)
  Grinder (D:4)
  A shadow (D:12)
  Sigmund (D:2)
  4 wyverns
  8 yaks
  2 basilisks (D:9)
  2 steam dragons
  4 vampire mosquitoes
  3 water moccasins
  14 orc warriors
  3 sky beasts
  2 ogres (D:5)
  7 wolves (IceCv)
  7 centaurs
  4 lemures
  5 kobold brigands
  2 bullfrogs (D:8)
  3 gnoll sergeants
  2 scorpions
  A water moccasin skeleton (D:5)
  20 killer bees
  6 wights (D:8)
  2 howler monkeys
  2 vampire bats (D:10)
  A centaur skeleton (D:4)
  4 centaur zombies
  A bullfrog zombie (D:5)
  4 jellies
  A gnoll shaman (D:9)
  5 orc priests
  3 iguanas (D:6)
  9 orc wizards
  A hound skeleton (D:4)
  A howler monkey zombie (D:5)
  13 adders
  13 gnolls
  3 river rats
  A white imp (D:4)
  An ufetubus (D:5)
  A worm (D:2)
  A dart slug (D:1)
  54 orcs
  4 ball pythons
  4 bats
  2 bat skeletons (D:10)
  2 bat zombies (D:10)
  7 endoplasms
  3 giant cockroaches (D:3)
  5 goblins
  10 hobgoblins
  12 jackals
  2 quokkas
  A frilled lizard (D:1)
  20 kobolds
  5 rats
333 creatures vanquished.

Vanquished Creatures (collateral kills)
  An orc warrior (Bailey)
  An orc (Bailey)
2 creatures vanquished.

Vanquished Creatures (others)
  3 dancing weapons
  An orc wizard (D:7)
  6 fungi (Lair:1)
  A plant (Lair:1)
11 creatures vanquished.

Grand Total: 346 creatures vanquished

Notes
Turn   | Place    | Note
-------+----------+-------------------------------------------
     0 | D:1      | CrazyMind the Gnoll Warper began the quest for the Orb.
     0 | D:1      | Reached XP level 1. HP: 20/20 MP: 6/6
   161 | D:1      | Reached XP level 2. HP: 7/26 MP: 7/7
  1374 | D:2      | Reached XP level 3. HP: 31/31 MP: 9/9
  1423 | D:2      | Reached skill level 5 in Spellcasting
  1557 | D:2      | Noticed Sigmund
  1797 | D:2      | Reached skill level 1 in Invocations
  1800 | D:2      | Learned a level 2 spell: Blink
  1804 | D:2      | Learned a level 3 spell: Gell's Gravitas
  1816 | D:2      | Reached skill level 1 in Short Blades
  1816 | D:2      | Reached skill level 1 in Long Blades
  1816 | D:2      | Reached skill level 1 in Axes
  1816 | D:2      | Reached skill level 1 in Polearms
  1816 | D:2      | Reached skill level 1 in Staves
  1816 | D:2      | Reached skill level 1 in Slings
  1816 | D:2      | Reached skill level 1 in Bows
  1816 | D:2      | Reached skill level 1 in Crossbows
  1816 | D:2      | Reached skill level 1 in Stealth
  1816 | D:2      | Reached skill level 1 in Shields
  1816 | D:2      | Reached skill level 1 in Unarmed Combat
  1816 | D:2      | Reached skill level 1 in Evocations
  2023 | D:1      | Reached XP level 4. HP: 19/38 MP: 11/11
  2921 | D:3      | Reached skill level 1 in Conjurations
  2921 | D:3      | Reached skill level 1 in Hexes
  2921 | D:3      | Reached skill level 1 in Summonings
  2921 | D:3      | Reached skill level 1 in Necromancy
  2921 | D:3      | Reached skill level 1 in Transmutations
  2921 | D:3      | Reached skill level 1 in Fire Magic
  2921 | D:3      | Reached skill level 1 in Ice Magic
  2921 | D:3      | Reached skill level 1 in Air Magic
  2921 | D:3      | Reached skill level 1 in Earth Magic
  2921 | D:3      | Reached skill level 1 in Poison Magic
  3099 | D:3      | Found a hazy altar of Hepliaklqana.
  3551 | D:3      | Reached XP level 5. HP: 19/43 MP: 12/12
  4039 | D:3      | Found a radiant altar of Vehumet.
  4400 | D:3      | Found a sparkling altar of Nemelex Xobeh.
  4603 | D:4      | You fall into a shaft and drop 2 floors!
  4718 | D:6      | Noticed a sky beast
  4728 | D:5      | Entered Level 5 of the Dungeon
  4774 | D:5      | Noticed a sky beast
  4857 | D:4      | Found Niukuje's Weapon Shoppe.
  4886 | D:4      | Noticed Grinder
  5102 | D:4      | Reached XP level 6. HP: 49/50 MP: 13/13
  5511 | D:4      | Noticed a steam dragon
  5885 | D:4      | Noticed Pikel
  5924 | D:3      | Killed Pikel
  5925 | D:3      | Reached skill level 5 in Fighting
  5925 | D:3      | Reached skill level 5 in Maces & Flails
  5925 | D:3      | Reached skill level 5 in Dodging
  5925 | D:3      | Reached XP level 7. HP: 35/56 MP: 15/15
  6710 | D:5      | Reached XP level 8. HP: 34/63 MP: 16/16
  7367 | D:6      | Found a staircase to the Ecumenical Temple.
  7372 | Temple   | Entered the Ecumenical Temple
  7433 | Temple   | Became a worshipper of Ashenzari the Shackled
  8090 | D:7      | Reached XP level 9. HP: 69/69 MP: 18/18
  8561 | D:2      | Killed Sigmund
  8757 | D:4      | Killed Grinder
  8812 | D:4      | Reached skill level 5 in Throwing
  8812 | D:4      | Reached skill level 5 in Armour
  9089 | D:7      | Killed an unseen horror
  9143 | D:7      | Learned a level 4 spell: Passage of Golubria
  9380 | D:7      | Reached skill level 5 in Invocations
  9957 | D:7      | Noticed a rust devil
  9957 | D:7      | Noticed a rust devil
  9985 | D:8      | Reached XP level 10. HP: 54/77 MP: 20/20
 10037 | D:8      | Found a bloodstained altar of Trog.
 10377 | D:8      | Reached skill level 5 in Short Blades
 10377 | D:8      | Reached skill level 5 in Long Blades
 10377 | D:8      | Reached skill level 5 in Axes
 10377 | D:8      | Reached skill level 5 in Polearms
 10377 | D:8      | Reached skill level 5 in Staves
 10377 | D:8      | Reached skill level 5 in Slings
 10377 | D:8      | Reached skill level 5 in Bows
 10377 | D:8      | Reached skill level 5 in Crossbows
 10377 | D:8      | Reached skill level 5 in Stealth
 10377 | D:8      | Reached skill level 5 in Shields
 10377 | D:8      | Reached skill level 5 in Unarmed Combat
 10377 | D:8      | Reached skill level 5 in Evocations
 10878 | D:8      | Learned a level 3 spell: Tukima's Dance
 10878 | D:8      | Reached * piety under Ashenzari
 11093 | D:9      | Found an iron altar of Okawaru.
 11098 | D:9      | Found a flagged portal.
 11111 | Bailey   | Entered a bailey
 11393 | Bailey   | Reached skill level 5 in Conjurations
 11393 | Bailey   | Reached skill level 5 in Hexes
 11393 | Bailey   | Reached skill level 5 in Summonings
 11393 | Bailey   | Reached skill level 5 in Necromancy
 11393 | Bailey   | Reached skill level 5 in Transmutations
 11393 | Bailey   | Reached skill level 5 in Fire Magic
 11393 | Bailey   | Reached skill level 5 in Ice Magic
 11393 | Bailey   | Reached skill level 5 in Air Magic
 11393 | Bailey   | Reached skill level 5 in Earth Magic
 11393 | Bailey   | Reached skill level 5 in Poison Magic
 11393 | Bailey   | Reached XP level 11. HP: 86/86 MP: 21/23
 11514 | Bailey   | Noticed an orc knight
 11530 | Bailey   | Killed an orc knight
 11536 | Bailey   | Identified a scroll of acquirement
 11750 | D:9      | Acquired the ring of Votuylatt {Will+ SInv}
 11782 | D:9      | Noticed Maggie
 11988 | D:9      | Reached ** piety under Ashenzari
 12001 | D:9      | Learned a level 4 spell: Dispel Undead
 12007 | D:9      | Learned a level 5 spell: Manifold Assault
 12069 | D:9      | Found a white marble altar of Elyvilon.
 12459 | D:9      | Found Xot Sula's Antique Armour Emporium.
 12813 | D:9      | Found a staircase to the Lair.
 12956 | D:9      | Killed Maggie
 13012 | D:10     | Entered Level 10 of the Dungeon
 13194 | D:10     | Reached XP level 12. HP: 81/94 MP: 24/24
 13308 | D:10     | Found a basalt altar of Yredelemnul.
 13522 | D:10     | Found an ancient bone altar of Kikubaaqudgha.
 13768 | D:10     | Found a shimmering blue altar of Sif Muna.
 14376 | D:11     | Found a staircase to the Orcish Mines.
 14673 | D:11     | Reached *** piety under Ashenzari
 15322 | D:11     | Identified the +3 halberd "Numon" {vorpal, Fragile rPois
                  | rF+++ rC+}
 15385 | D:12     | Noticed a boulder beetle
 15389 | D:12     | Noticed a boulder beetle
 15399 | D:12     | Noticed a two-headed ogre
 15404 | D:11     | Killed a boulder beetle
 15449 | D:12     | Noticed a boulder beetle
 15474 | D:12     | Killed a boulder beetle
 15605 | D:12     | Noticed a seven-headed hydra
 15633 | D:12     | Reached **** piety under Ashenzari
 15680 | D:12     | Noticed a two-headed ogre
 15877 | Lair:1   | Entered Level 1 of the Lair of Beasts
 15888 | Lair:1   | Noticed an eight-headed hydra
 16035 | Lair:1   | Found a frozen archway.
 16114 | IceCv    | Entered an ice cave
 16390 | IceCv    | Noticed a death yak
 16567 | IceCv    | Killed a death yak
 16622 | IceCv    | Reached XP level 13. HP: 80/106 MP: 28/28
 16797 | IceCv    | HP: 5/106 [ice statue] (11)]
 17316 | IceCv    | Noticed a frost giant
 17489 | IceCv    | HP: 4/106 [frost giant (13)]
 17490 | IceCv    | Killed from afar by a frost giant

Illustrated notes

Levels and vault maps discovered:
D:1:      elethiomel_arrival_maze, layout_basic
D:2:      layout_basic, minmay_misc_feat_ornament,
          chequers_serial_rivers_room_a, dk_noncrumbling_2, st_stairs_10,
          uniq_sigmund
D:3:      layout_basic, nemelex_dance_club_becter, nicolae_vehumet_radiance,
          worldfamousw_hep_ancestral_shrine, portal_sewer_entry_e
D:4:      nicolae_cairo_tiling_very_big, layout_rooms, serial_shops,
          nicolae_shop_bloodbath_and_beyond, hex_intersection,
          kennysheep_small_circle, uniq_grinder, uniq_pikel
D:5:      layout_loops_ring
D:6:      layout_cave_pools, temple_doors_ab
D:7:      cheibrodos_iron_armory, layout_basic
D:8:      layout_loops_ring, trog_hazing_becter
D:9:      layout_basic, okawaru_ov_weapons_minmay, elyvilon_altar_1,
          erik_lair_dragon, enter_bailey_2, serial_shops, nicolae_square_shop,
          uniq_maggie
D:10:     layout_basic, kennysheep_vampire_church, amcnicky_altar_gilded,
          yredelemnul_altar_generic
D:11:     layout_loops_ring, david_orc_4
D:12:     layout_loops_cross, onia_ninara_cookie
Temple:   nicolae_temple_god_jail
Lair:1:   layout_regular_city, portal_ice_cave_rime, gammafunk_ghost_hydra_chop,
          chequers_serial_rivers_small_3, kennysheep_abandoned_house
IceCv:    ice_cave_small_giant

Skill      XL: |  1  2  3  4  5  6  7  8  9 10 11 12 13 |
---------------+----------------------------------------+-----
Spellcasting   | 5 6 7 8 9 |  9.6
Invocations    | 1 2 3 4 5 7 8 |  8.9
Short Blades   | 1 2 3 4 6 7 8 |  8.1
Long Blades    | 1 2 3 4 6 7 8 |  8.1
Axes           | 1 2 3 4 6 7 8 |  8.1
Polearms       | 1 2 3 4 6 7 8 |  8.1
Staves         | 1 2 3 4 6 7 8 |  8.1
Slings         | 1 2 3 4 6 7 8 |  8.1
Bows           | 1 2 3 4 6 7 8 |  8.1
Crossbows      | 1 2 3 4 6 7 8 |  8.1
Stealth        | 1 2 3 4 6 7 8 |  8.1
Shields        | 1 2 3 4 6 7 8 |  8.1
Unarmed Combat | 1 2 3 4 6 7 8 |  8.1
Evocations     | 1 2 3 4 6 7 8 |  8.1
Conjurations   | 1 2 3 4 5 6 |  6.7
Hexes          | 1 2 3 4 5 6 |  6.7
Summonings     | 1 2 3 4 5 6 |  6.7
Necromancy     | 1 2 3 4 5 6 |  6.7
Transmutations | 1 2 3 4 5 6 |  6.7
Fire Magic     | 1 2 3 4 5 6 |  6.7
Ice Magic      | 1 2 3 4 5 6 |  6.7
Air Magic      | 1 2 3 4 5 6 |  6.7
Earth Magic    | 1 2 3 4 5 6 |  6.7
Poison Magic   | 1 2 3 4 5 6 |  6.7
Throwing       | 3 4 5 7 8 |  8.6
Armour         | 3 4 5 7 8 |  8.6
Fighting       | 5 6 8 9 |  9.4
Maces & Flails | 5 6 8 9 |  9.4
Dodging        | 5 6 8 9 |  9.4
Translocations | 6 7 8 |  8.8

Action                   |  1- 3 |  4- 6 |  7- 9 | 10-12 | 13-15 || total
-------------------------+-------+-------+-------+-------+-------++-------
Melee: Mace              |    92 |    40 |       |       |       ||   132
       Bite              |     8 |    19 |    40 |   151 |    28 ||   246
       Punch             |     2 |     4 |    10 |    10 |       ||    26
       Dagger            |       |   134 |   222 |   426 |     5 ||   787
       Whip              |       |    24 |   104 |    64 |    35 ||   227
       Spear             |       |       |       |   640 |   119 ||   759
Throw: Stone             |    14 |    72 |    68 |     6 |       ||   160
       Boomerang         |     2 |       |     4 |    40 |     3 ||    49
       Dart              |       |     8 |    46 |    43 |    10 ||   107
 Cast: Blink             |     1 |     2 |     3 |     1 |       ||     7
       Gell's Gravitas   |       |     4 |     6 |    40 |       ||    50
       Tukima's Dance    |       |       |       |    12 |       ||    12
       Dispel Undead     |       |       |       |     2 |       ||     2
       Manifold Assault  |       |       |       |     2 |       ||     2
       Passage of Golubr |       |       |       |     1 |       ||     1
Invok: Curse Item        |       |       |     1 |     5 |       ||     6
Evoke: Wand              |       |       |       |     6 |     8 ||    14
  Use: Scroll            |       |     6 |     1 |     9 |       ||    16
       Potion            |       |     1 |     5 |     1 |     4 ||    11
 Stab: Sleeping          |       |     2 |     2 |     7 |       ||    11
       Paralysed         |       |       |       |     2 |       ||     2
       Distracted        |       |       |       |     3 |       ||     3
       Invisible         |       |       |       |       |    14 ||    14
Armor: Leather armour    |    18 |    26 |    60 |    49 |       ||   153
       Skin              |       |     9 |       |       |       ||     9
       Steam dragon scal |       |       |       |   163 |    15 ||   178
Dodge: Dodged            |    64 |   120 |   163 |   566 |    42 ||   955
Block: Buckler           |       |       |       |   270 |    25 ||   295
